 Dungeon Crawl Stone Soup version 0.24-a0-516-g9de272bb65 (webtiles) character file.

Game seed: 2879769165210472130

248 Greboboi the Covered (level 5, -8/46 HPs)
             Began as a Minotaur Fighter on July 22, 2019.
             Mangled by Menkaure (15 damage)
             ... on level 4 of the Dungeon.
             The game lasted 00:05:43 (1918 turns).

Greboboi the Covered (Minotaur Fighter)             Turns: 1918, Time: 00:05:44

Health: -8/46      AC: 10    Str: 20    XL:     5   Next: 86%
Magic:  4/4        EV:  6    Int:  5    God:
Gold:   38         SH:  9    Dex: 11    Spells: 4/4 levels left

rFire    . . .     SeeInvis .   a - +0 war axe
rCold    . . .     Gourm    .   c - +0 shield
rNeg     . . .     Faith    .   g - +0 chain mail
rPois    .         Spirit   .   h - +1 hat
rElec    .         Reflect  .   (no cloak)
rCorr    .         Harm     .   (no gloves)
MR       .....                  (no boots)
Stlth    ..........             (no amulet)
HPRegen  0.15/turn              (no ring)
MPRegen  0.09/turn              (no ring)

@: no status effects
A: retaliatory headbutt, horns 2
a: no special abilities


You were on level 4 of the Dungeon.
You were not hungry.

You visited 1 branch of the dungeon, and saw 3 of its levels.

You collected 38 gold pieces.

Inventory:

Hand Weapons
 a - a +0 war axe (weapon)
Missiles
 e - 86 stones (quivered)
Armour
 c - a +0 shield (worn)
 g - a +0 chain mail (worn)
 h - a +1 hat (worn)
Jewellery
 p - an uncursed ring of wizardry {unknown}
Scrolls
 j - 2 scrolls of fear {unknown}
 l - 2 scrolls of identify {unknown}
 n - a scroll of teleportation {unknown}
 q - a scroll of immolation {unknown}
 r - 4 scrolls of enchant weapon {unknown}
Potions
 d - 2 potions of might
 i - 2 potions of mutation {unknown}
 k - a potion of lignification {unknown}
 m - a potion of magic {unknown}
 o - a potion of curing {unknown}
 s - a potion of agility {unknown}
 t - a potion of flight {unknown}
Comestibles
 f - 2 rations


   Skills:
 + Level 4.2 Fighting
 + Level 4.7 Axes
 + Level 4.9 Armour
 * Level 2.5 Dodging
 + Level 0.1 Stealth
 + Level 4.4 Shields


You had 4 spell levels left.
You didn't know any spells.
Your spell library contained the following spells:

 Spells                   Type           Power        Failure   Level  Hunger
 Confusing Touch          Hex            #.....       100%        1    ##.....
 Confuse                  Hex            #.......     100%        3    ####...
 Gell's Gravitas          Tloc           #.........   100%        3    ####...
 Petrify                  Tmut/Erth      #.......     100%        4    #####..
 Metabolic Englaciation   Hex/Ice        #.........   100%        5    ######.
 Yara's Violent Unravell  Hex/Tmut       #.........   100%        5    ######.


Dungeon Overview and Level Annotations

Branches:
Dungeon (2/15)

Altars:

Annotations:
D:4 Menkaure


Innate Abilities, Weirdness & Mutations

You reflexively headbutt those who attack you in melee.
You have a pair of horns on your head.


Message History

You see here 10 gold pieces.
Menkaure calls on the powers of darkness!
Your body is wracked with pain!
Menkaure calls on the powers of darkness!
Your body is wracked with pain!
* * * LOW HITPOINT WARNING * * *
Menkaure's bandages flutter.
You see here a jackal skeleton.
Menkaure murmurs drily.
You are too injured to fight recklessly!
Your shield prevents you from hitting Menkaure.
You hear the brisk rusting of a very distant drain.
Menkaure calls on the powers of darkness!
Your body is wracked with pain!
* * * LOW HITPOINT WARNING * * *
You slash Menkaure!
Menkaure is heavily damaged.
Menkaure whispers drily.
You block Menkaure's attack. Menkaure hits you!
You die...

#..>.........## #....# ##
#...........## #....# ####.
#..........## #....######....
#........#..##
#.....##...####
###....####..#####÷÷.....####
###### ###....#..÷#####
##......### ##....M.##
##...(@..# #.......##
#.......# ##.....## #....##
####.# ##.# #.## #.#


You could see Menkaure.

Vanquished Creatures
  A centaur (D:2)
  2 orc priests (D:4)
  Terence (D:2)
  2 adders
  4 oozes
  A worm (D:2)
  A leopard gecko (D:1)
  2 orcs (D:4)
  3 giant cockroaches (D:1)
  8 goblins
  6 hobgoblins
  3 jackals (D:4)
  A quokka (D:2)
  2 bats (D:2)
  A frilled lizard (D:2)
  7 kobolds
  3 rats (D:1)
48 creatures vanquished.

Notes
Turn   | Place    | Note
-------+----------+-------------------------------------------
     0 | D:1      | Greboboi the Minotaur Fighter began the quest for the Orb.
     0 | D:1      | Reached XP level 1. HP: 19/19 MP: 0/0
    64 | D:1      | Reached XP level 2. HP: 24/27 MP: 1/1
   328 | D:1      | Reached skill level 1 in Dodging
   599 | D:1      | Reached XP level 3. HP: 33/33 MP: 2/2
   771 | D:2      | Noticed Terence
   781 | D:2      | Killed Terence
   854 | D:2      | Noticed a centaur
   866 | D:2      | Killed a centaur
   866 | D:2      | Reached XP level 4. HP: 20/40 MP: 3/3
   866 | D:2      | Reached XP level 5. HP: 23/46 MP: 4/4
  1572 | D:2      | You fall into a shaft and drop 2 floors!
  1895 | D:4      | Noticed Menkaure
  1918 | D:4      | Mangled by Menkaure

Levels and vault maps discovered:
D:1:      erik_arrival_gehennom, layout_basic
D:2:      layout_basic, minmay_nonomino_d4, uniq_terence
D:4:      layout_cave_pods, temple_pool_b, first_ration, portal_sewer_entry_e,
          nemelex_dance_club_becter, uniq_menkaure, uniq_eustachio

Skill      XL: |  1  2  3  4  5 |
---------------+----------------+-----
Dodging        | 1 2 |  2.5
Shields        | 4 |  4.4
Fighting       | 4 |  4.2
Axes           | 3 4 |  4.7
Armour         | 4 |  4.9
Stealth        | |  0.1

Action                   |  1- 3 |  4- 6 || total
-------------------------+-------+-------++-------
Melee: War axe           |    66 |    53 ||   119
       Headbutt          |     5 |     7 ||    12
  Eat: Chunk             |       |     3 ||     3
Armor: Scale mail        |    21 |       ||    21
       Chain mail        |    10 |    38 ||    48
Dodge: Dodged            |    27 |    10 ||    37
Block: Shield            |    33 |    28 ||    61

Table legend:
 A = Non-vault XP
 B = Vault XP
 C = Vault XP percentage of total XP
 D = Non-vault monster count
 E = Vault monster count
 F = Vault count percentage of total count
                 A         B        C        D         E       F
            +---------+---------+-------+---------+---------+-------
      Total |     182 |     173 |  48.7 |      36 |      12 |  25.0
            +---------+---------+-------+---------+---------+-------
        D:1 |      25 |      18 |  41.9 |      15 |       5 |  25.0
        D:2 |      43 |     155 |  78.3 |      12 |       7 |  36.8
        D:4 |     114 |       0 |   0.0 |       9 |       0 |   0.0
            +---------+---------+-------+---------+---------+-------
